 Dungeon Crawl Stone Soup version 0.25-a0-661-g55ea3d2053 (webtiles) character file.

Game seed: 18195180635595127109, levelgen mode: deterministic

77 An17 the Gusty (level 3, 0/26 HPs)
             Began as a Demigod Air Elementalist on Mar 23, 2020.
             Killed from afar by an orc wizard (11 damage)
             ... with a puff of flame
             ... on level 2 of the Dungeon.
             The game lasted 00:06:07 (1470 turns).

An17 the Gusty (Demigod Air Elementalist)           Turns: 1470, Time: 00:06:08

Health: 0/26       AC:  3    Str: 11    XL:     3   Next: 92%
Magic:  2/8        EV: 12    Int: 21    God:
Gold:   135        SH:  0    Dex: 16    Spells: 0/6 levels left

rFire    . . .     SeeInvis .   e - +0 dagger
rCold    + . .     Gourm    .   (no shield)
rNeg     . . .     Faith    .   f - +0 leather armour
rPois    .         Spirit   .   (no helmet)
rElec    .         Reflect  .   (no cloak)
rCorr    .         Harm     .   (no gloves)
MR       .....                  (no boots)
Stlth    ++........             (no amulet)
HPRegen  0.08/turn              a - ring of ice
MPRegen  0.11/turn              k - ring of protection from fire

@: no status effects
A: high mp 1
a: no special abilities


You were on level 2 of the Dungeon.
You were not hungry.

You visited 1 branch of the dungeon, and saw 3 of its levels.

You collected 135 gold pieces.

Inventory:

Hand Weapons
 e - a +0 dagger (weapon)
Armour
 b - a +0 ring mail
 f - a +0 leather armour (worn)
Jewellery
 a - a ring of ice (left hand)
 k - a ring of protection from fire (right hand)
Scrolls
 j - a scroll of blinking
Comestibles
 c - 3 rations


   Skills:
 + Level 0.3 Short Blades
 + Level 0.4 Armour
 + Level 2.1 Dodging
 - Level 1.7 Stealth
 + Level 2.1 Spellcasting
 + Level 2.1 Conjurations
 + Level 3.4 Air Magic


You couldn't memorise any spells.
You knew the following spells:

 Your Spells              Type           Power        Failure   Level  Hunger
a - Shock                 Conj/Air       ##..         6%          1    #......
b - Swiftness             Chrm/Air       #.......     14%         2    ##.....
c - Static Discharge      Conj/Air       ##......     19%         3    ###....

Your spell library contained the following spells:

 Spells                   Type           Power        Failure   Level  Hunger
 Airstrike                Air            ###.......   43%         4    #####..
 Lightning Bolt           Conj/Air       ##........   86%         5    ######.


Dungeon Overview and Level Annotations

Branches:
Dungeon (3/15)


Innate Abilities, Weirdness & Mutations

You have an increased reservoir of magic. (+10% MP)


Message History

The orc wizard flickers and vanishes!
Deactivating autopickup; reactivate with Ctrl-A.
Casting: Shock (safe; 6% risk of failure)
Confirm with . or Enter, or press ? or * to list all spells.
You can't see any susceptible monsters within range! (Use Z to cast anyway.) Unknown command.
You miss something. Something hits you.
You barely miss something. Something hits you.
Things that are here:
a +0 whip; a +0 scale mail
Casting: Shock (safe; 6% risk of failure)
Confirm with . or Enter, or press ? or * to list all spells.
You can't see any susceptible monsters within range! (Use Z to cast anyway.)
Casting: Shock (safe; 6% risk of failure)
Confirm with . or Enter, or press ? or * to list all spells.
Okay, then.
You hear some strange, mumbled words.
A puff of flame appears from out of thin air!
The puff of flame hits you!
You die...

##### #...# #####...# ####
######)>.....# ...#
#.....)##....# ...#
#.#####{..####
...########.#####.###
...........(....@.#
#...#........##..##
.......######....#
.........###..##.#
.........##..##..# #########
...####..#..###.## #.......#
...# ##...##...# #.......#
...# ###........####.......#
...###......#.#............#


There were no monsters in sight!

Vanquished Creatures
  2 adders (D:2)
  3 worms (D:2)
  2 dart slugs (D:1)
  A leopard gecko (D:1)
  2 orcs (D:2)
  7 bats
  2 giant cockroaches (D:1)
  A goblin (D:1)
  4 hobgoblins
  8 kobolds
  A quokka (D:2)
  5 frilled lizards
  7 rats
45 creatures vanquished.

Notes
Turn   | Place    | Note
-------+----------+-------------------------------------------
     0 | D:1      | An17 the Demigod Air Elementalist began the quest for the
                  | Orb.
     0 | D:1      | Reached XP level 1. HP: 14/14 MP: 5/5
   121 | D:1      | Reached skill level 3 in Air Magic
   159 | D:1      | Reached XP level 2. HP: 10/20 MP: 1/7
   359 | D:1      | Reached skill level 1 in Conjurations
   722 | D:2      | Reached XP level 3. HP: 26/26 MP: 1/8
   841 | D:2      | Learned a level 2 spell: Swiftness
   845 | D:2      | Learned a level 3 spell: Static Discharge
   895 | D:2      | Found a burning altar of Makhleb.
   904 | D:2      | Found a glowing golden altar of the Shining One.
   904 | D:2      | Found a shadowy altar of Dithmenos.
  1470 | D:2      | Killed from afar by an orc wizard

Levels and vault maps discovered:
D:1:      dpeg_arrival_stone_temple_mockup, layout_rooms,
          hangedman_decor_growths
D:2:      layout_rooms, chequers_temple_overflow_statue_of_worship
D:3:      gammafunk_wand_slinger, layout_rooms, lemuel_crystal_altar,
          old_standard_altar, bloody_trog, uniq_terence, uniq_natasha

Skill      XL: |  1  2  3 |
---------------+----------+-----
Air Magic      | 3 |  3.4
Dodging        | 2 |  2.1
Spellcasting   | 2 |  2.1
Conjurations   | 1 2 |  2.1
Short Blades   | |  0.3
Armour         | |  0.4
Stealth        | |  1.7

Action                   || total
-------------------------++-------
Melee: Dagger            ||    53
       Unarmed           ||     3
 Cast: Shock             ||    71
       Static Discharge  ||     2
  Use: Scroll            ||     7
       Potion            ||     4
 Stab: Sleeping          ||     1
  Eat: Ration            ||     1
Armor: Robe              ||    16
       Leather armour    ||    14
Dodge: Dodged            ||    50

Table legend:
 A = Non-vault XP
 B = Vault XP
 C = Vault XP percentage of total XP
 D = Non-vault monster count
 E = Vault monster count
 F = Vault count percentage of total count
                 A         B        C        D         E       F
            +---------+---------+-------+---------+---------+-------
      Total |     111 |       0 |   0.0 |      45 |       0 |   0.0
            +---------+---------+-------+---------+---------+-------
        D:1 |      43 |       0 |   0.0 |      22 |       0 |   0.0
        D:2 |      66 |       0 |   0.0 |      22 |       0 |   0.0
        D:3 |       2 |       0 |   0.0 |       1 |       0 |   0.0
            +---------+---------+-------+---------+---------+-------
